 Dungeon Crawl Stone Soup version 0.29-a0-643-ga013cefcf8 (webtiles) character file.

Game seed: 6848731655332657929

8 Rocko1345 the Vandal (level 2, 0/22 HPs)
             Began as a Meteoran Wanderer on June 19, 2022.
             Slain by a goblin
             ... wielding a +0 club
              (2 damage)
             ... on level 1 of the Dungeon.
             The game lasted 00:02:50 (442 turns).

Rocko1345 the Vandal (Meteoran Wanderer)             Turns: 442, Time: 00:02:52

Health: 0/22       AC:  3    Str: 16    XL:     2   Next: 29%
Magic:  6/6        EV: 11    Int: 12    God:
Gold:   0          SH:  0    Dex: 11    Spells: 6/6 levels left

rFire   . . .      SeeInvis .   d - +0 dagger
rCold   . . .      Faith    .   (no shield)
rNeg    . . .      Spirit   .   f - +0 leather armour
rPois   .          Reflect  .   (no helmet)
rElec   .          Harm     .   (no cloak)
rCorr   .          Rampage  .   (no gloves)
Will    .....                   (no boots)
Stlth   +.........              (no amulet)
HPRegen 0.07/turn               (no ring)
MPRegen 0.10/turn               (no ring)

@: glowing
A: sense surroundings 1, otherworldly, glowing, explore regen
a: no special abilities


You were on level 1 of the Dungeon.
You visited 1 branch of the dungeon, and saw 1 of its levels.

Inventory:

Hand Weapons
 a - a +2 hunting sling
 b - a +0 hand crossbow
 d - a +0 dagger (weapon)
Missiles
 c - 7 poisoned darts (quivered)
Armour
 f - a +0 leather armour (worn)
Scrolls
 e - a scroll of silence


   Skills:
 + Level 0.4 Fighting
 + Level 4.6(4.8) Slings
 + Level 2.2 Crossbows
 + Level 1.5(3.5) Throwing
 + Level 0.2 Armour
 + Level 2.6 Spellcasting
 + Level 1.2 Invocations


You had 6 spell levels left.
You didn't know any spells.
Your spell library was empty.

Dungeon Overview and Level Annotations

Branches:
Dungeon (1/15) Zot: 158

Altars:


Innate Abilities, Weirdness & Mutations

You passively map a small area around you.
You are easily found by Zot.
You glow in the dark.
You regain HP and MP as you explore.


Message History

The hobgoblin is moderately wounded.
The hobgoblin closely misses you.
You aren't carrying any potions.
Throw: 11 darts (poison)
Press: ? - help, Q - select action Shift-Dir - straight line, f - hobgoblin
Aim: a hobgoblin (moderately wounded, 56% to hit)
You throw a poisoned dart. The poisoned dart hits the hobgoblin!
The hobgoblin is poisoned.
The hobgoblin is moderately wounded.
The hobgoblin barely misses you.
Throw: 10 darts (poison)
Press: ? - help, Q - select action Shift-Dir - straight line, f/p - hobgoblin
Aim: a hobgoblin (moderately wounded, very poisoned, 56% to hit)
Okay, then.
The hobgoblin attacks as you move away! The hobgoblin barely misses you.
Throw: 10 darts (poison)
Press: ? - help, Q - select action Shift-Dir - straight line, f/p - hobgoblin
Aim: a hobgoblin (almost dead, very poisoned, 56% to hit)
Okay, then.
The hobgoblin attacks as you move away! The hobgoblin hits you.
* * * LOW HITPOINT WARNING * * *
You kill the hobgoblin!
Throw: 10 darts (poison)
Press: ? - help, Q - select action Shift-Dir - straight line, f - kobold
Aim: a kobold, wielding a +0 dagger (47% to hit)
You throw a poisoned dart. The poisoned dart hits the kobold.
The kobold is poisoned.
Throw: 9 darts (poison)
Press: ? - help, Q - select action Shift-Dir - straight line, f/p - kobold
Aim: a kobold, wielding a +0 dagger (severely wounded, poisoned, 47% to hit)
You throw a poisoned dart.
The poisoned dart closely misses the kobold.
The poisoned dart barely misses the goblin.
You kill the kobold!
Throw: 8 darts (poison)
Press: ? - help, Q - select action Shift-Dir - straight line, f - goblin
Aim: a goblin, wielding a +0 club (47% to hit)
You throw a poisoned dart. The poisoned dart hits the goblin.
The goblin hits you with a +0 club.
You die...

#.#......)..###
#.#.#.#.....###
#.#.#.#######8#
#.#.#..........
###.#.#..######8#
#........# ###
#.#...#..# *,
######.#.###....
,
#....@...#######
* #.##)g....# *
*, #.##(#........
, ,
#.##.#....####
#.##.#.#.##**
#.##(#.#.# *
#.##.#.#.# #. * *
#.##(#.#.#... *
#.........# *


You could see a goblin.

Vanquished Creatures
  A ball python (D:1)
  2 hobgoblins (D:1)
  2 kobolds (D:1)
  A bat (D:1)
  A frilled lizard (D:1)
  A rat (D:1)
8 creatures vanquished.

Notes
Turn   | Place    | Note
-------+----------+-------------------------------------------
     0 | D:1      | Rocko1345 the Meteoran Wanderer began the quest for the
                  | Orb.
     0 | D:1      | Rocko1345 set off with the following items: a +2 hunting
                  | sling, a +0 hand crossbow, 11 poisoned darts, a +0 dagger,
                  | a scroll of silence, a +0 leather armour.
     0 | D:1      | Reached XP level 1. HP: 14/14 MP: 5/5
   389 | D:1      | Reached XP level 2. HP: 19/22 MP: 6/6
   442 | D:1      | Slain by a goblin

Illustrated notes

Levels and vault maps discovered:
D:1:      lemuel_arrival_cross, layout_loops_ring, serial_shops, shop,
          dreamdust_ecumenical_altar_statues, dreamdust_wishing_well

Action                   || total
-------------------------++-------
Melee: Dagger            ||    20
Throw: Stone             ||     7
       Dart              ||     5
Armor: Leather armour    ||    16
Dodge: Dodged            ||    24

Table legend: (Time is in decaauts)
 A = Elapsed time spent in this place.
 B = Non-inter-level travel time spent in this place.
 C = Inter-level travel time spent in this place.
 D = Time resting spent in this place.
 E = Time spent auto-exploring this place.
 F = Levels seen in this place.
 G = Mean time per level.
                   A        B        C        D        E       F      G
               +--------+--------+--------+--------+--------+-----+--------+
         Total |    440 |    440 |      0 |    264 |      0 |   1 |  440.0 |
       Dungeon |    440 |    440 |      0 |    264 |      0 |   1 |  440.0 |
               +--------+--------+--------+--------+--------+-----+--------+

Top non-repeatable levels by time:
     D:1: 440 daAuts
